 Dungeon Crawl Stone Soup version 0.25-a0-668-gea548f19b6 (webtiles) character file.

Game seed: 8053355153904954550, levelgen mode: deterministic

2 sanka the Vexing (level 1, 0/7 HPs)
             Began as a Felid Wanderer on Mar 28, 2020.
             Slain by a hobgoblin (3 damage)
             ... on level 1 of the Dungeon.
             The game lasted 00:00:48 (46 turns).

sanka the Vexing (Felid Wanderer)                     Turns: 46, Time: 00:00:48

Health: 0/7        AC:  1    Str:  5    XL:     1   Next: 33%
Magic:  0/4        EV: 15    Int: 14    God:
Gold:   0          SH:  0    Dex: 17    Spells: 3/4 levels left
                                        Lives:  0   Deaths: 0

rFire    . . .     SeeInvis +   (weapon unavailable)
rCold    . . .     Gourm    .   (shield unavailable)
rNeg     . . .     Faith    .   (armour unavailable)
rPois    .         Spirit   .   (helmet unavailable)
rElec    .         Reflect  .   (cloak unavailable)
rCorr    .         Harm     .   (gloves unavailable)
MR       .....                  (boots unavailable)
Stlth    ++........             (no amulet)
HPRegen  0.02/turn              (no ring)
MPRegen  0.09/turn              (no ring)

@: quick
A: very small, no armour, no weapons or thrown items, stealth, claws 1, fangs 3,
see invisible, carnivore, speed 1, shaggy fur 1, slow metabolism 1, sharp paws
a: no special abilities


You were on level 1 of the Dungeon.
You were not hungry.

You visited 1 branch of the dungeon, and saw 1 of its levels.


Innate Abilities, Weirdness & Mutations

You cannot wear armour.
You are incapable of wielding weapons or throwing items.
Your paws allow you to move quietly. (Stealth)
You have sharp claws.
You have razor-sharp teeth.
You have supernaturally acute eyesight. (SInv)
You are carnivorous and can eat meat at any time.
You cover ground quickly.
You are covered in fur. (AC +1)
You have a slow metabolism.
Your sharp claws are effective at attacking unaware monsters.


   Skills:
 - Level 2.0 Spellcasting
   Level 3.0 Hexes
   Level 1.5 Translocations
 * Level 2.9 Ice Magic
   Level 2.1 Evocations


You had 3 spell levels left.
You knew the following spells:

 Your Spells              Type           Power        Failure   Level  Hunger
z - Freeze                Ice            #...         8%          1    ##.....

Your spell library contained the following spells:

 Spells                   Type           Power        Failure   Level  Hunger
 Frozen Ramparts          Ice            #.....       22%         3    ####...
 Summon Butterflies       Summ           #.......     24%         1    ##.....
 Ozocubu's Armour         Chrm/Ice       #.......     36%         3    ####...
 Call Canine Familiar     Summ           #.......     56%         3    ####...
 Hailstorm                Conj/Ice       #.......     78%         4    #####..
 Summon Ice Beast         Ice/Summ       #.......     78%         4    #####..

Inventory:

Comestibles
 c - a ration

Dungeon Overview and Level Annotations

Branches:
Dungeon (1/15)

Altars:

▒.▒.....▒....(..▒
▒.▒..▒........K..
.....▒......▒(...
▒.[▒...........
▒▒▒▒▒▒▒....(▒.......▒
▒....K......▒<......▒
▒.▒▒▒▒▒▒....▒▒▒...▒▒▒
▒▒▒.▒▒▒▒▒▒.▒.....g.....
▒%....hgK..▒...........
▒..........▒▒▒...▒▒▒...
▒...........g...... ...
▒.........▒.▒▒▒▒▒▒▒▒ ▒▒
▒.....^...▒...
▒.........▒▒▒▒▒
...........▒
▒▒.........▒


You could see a hobgoblin, a goblin and a kobold.


Message History

The bat moves out of view.
Found 11 stones.
A giant cockroach comes into view.
Found a ration.
The giant cockroach barely misses you.
Aiming: Freeze (safe; 8% risk of failure)
Aim: a giant cockroach You freeze the giant cockroach.
The giant cockroach is severely wounded.
The giant cockroach misses you.
The giant cockroach waves its antennae.
The giant cockroach barely misses you.
Aiming: Freeze (safe; 8% risk of failure)
Aim: a giant cockroach (severely wounded)
You freeze the giant cockroach.
You kill the giant cockroach!
A goblin comes into view. It is wielding a +0 club.
Aiming: Freeze (safe; 8% risk of failure)
Aim: a hobgoblin You freeze the hobgoblin.
The hobgoblin is moderately wounded.
The hobgoblin hits you.
* * * LOW HITPOINT WARNING * * *
Aiming: Freeze (safe; 8% risk of failure)
Aim: a hobgoblin (moderately wounded)
You freeze the hobgoblin.
The hobgoblin is heavily wounded.
The goblin shouts!
The hobgoblin hits you.
You die...

Action                   || total
-------------------------++-------
 Cast: Freeze            ||     6
Armor: Skin              ||     1
Dodge: Dodged            ||     6

Levels and vault maps discovered:
D:1:      minmay_arrival_open_corners, layout_basic

Notes
Turn   | Place    | Note
-------+----------+-------------------------------------------
     0 | D:1      | sanka the Felid Wanderer began the quest for the Orb.
     0 | D:1      | sanka set off with the following items: a ration; and the
                  | following spells available to memorise: Freeze, Summon
                  | Butterflies, Frozen Ramparts, Ozocubu's Armour, Call Canine
                  | Familiar, Hailstorm, Summon Ice Beast
     0 | D:1      | Reached XP level 1. HP: 7/7 MP: 4/4
     2 | D:1      | Learned a level 1 spell: Freeze
    46 | D:1      | Slain by a hobgoblin

Vanquished Creatures
  A bat (D:1)
  A giant cockroach (D:1)
2 creatures vanquished.
